 Dungeon Crawl Stone Soup version 0.22-a0-161-g198051c (webtiles) character file.

6187 Gorglomux the Fighter (level 10, 0/91 HPs)
             Began as a Minotaur Fighter on Feb 11, 2018.
             Was a High Priest of Uskayaw.
             Succumbed to a killer bee's poison
             ... on level 9 of the Dungeon.
             The game lasted 00:05:18 (6480 turns).

Gorglomux the Fighter (Minotaur Fighter)            Turns: 6480, Time: 00:05:19

Health: 0/91       AC: 12    Str: 24    XL:     10   Next: 60%
Magic:  2/13       EV: 12    Int:  5    God:    Uskayaw [*****.]
Gold:   429        SH: 11    Dex: 10    Spells: 9/9 levels left

rFire    . . .     SeeInvis .   a - +1 war axe
rCold    . . .     Gourm    .   c - +0 shield
rNeg     . . .     Faith    +   b - +0 scale mail
rPois    .         Spirit   .   (helmet restricted)
rElec    .         Reflect  .   (no cloak)
rCorr    .         Harm     .   t - +0 pair of gloves
MR       .....                  (no boots)
Stlth    +.........             Y - amulet of faith
HPRegen  0.25/turn              q - +3 ring of protection
MPRegen  0.13/turn              x - ring of stealth

@: lethally poisoned (0 -> -3), berserk cooldown, slowed, very slow
A: retaliatory headbutt, horns 2
a: Stomp, Line Pass, Grand Finale, Renounce Religion


You were on level 9 of the Dungeon.
You worshipped Uskayaw.
Uskayaw was noncommittal.
You were very hungry.

You visited 1 branch of the dungeon, and saw 9 of its levels.

You collected 494 gold pieces.
You spent 65 gold pieces at shops.

Inventory:

Hand Weapons
 a - a +1 war axe (weapon)
 X - a +0 scimitar of flaming
Missiles
 Z - a throwing net (quivered)
Armour
 b - a +0 scale mail (worn)
 c - a +0 shield (worn)
 t - a +0 pair of gloves (worn)
Jewellery
 q - a +3 ring of protection (left hand)
 x - a ring of stealth (right hand)
 K - an uncursed ring of protection from cold {unknown}
 L - an uncursed ring of protection from cold {unknown}
 O - an uncursed ring of see invisible {unknown}
 Y - an amulet of faith (around neck)
Wands
 D - a wand of digging (9)
 E - a wand of enslavement (12)
Scrolls
 h - 4 scrolls of enchant weapon
 j - 2 scrolls of random uselessness {unknown}
 k - 7 scrolls of remove curse
 u - a scroll of fear {unknown}
 v - a scroll of fog {unknown}
 C - a scroll of torment {unknown}
 I - a scroll of enchant armour {unknown}
 J - a scroll of blinking {unknown}
 S - a scroll of summoning {unknown}
 T - 3 scrolls of teleportation
 V - 3 scrolls of identify {unknown}
 W - a scroll of immolation {unknown}
Potions
 d - 2 potions of might
 o - a potion of berserk rage
 F - a potion of mutation {unknown}
 N - 2 potions of flight
 P - a potion of curing {unknown}
 R - a potion of resistance {unknown}
 U - 2 potions of magic {unknown}
Books
 H - a book of Maledictions

   Spells                             Type                      Level
   a - Corona                         Hexes                        1
   b - Ensorcelled Hibernation        Hexes/Ice                    2
   c - Confuse                        Hexes                        3
   d - Tukima's Dance                 Hexes                        3
   e - Dazzling Spray                 Conjuration/Hexes            3
 M - a book of Misfortune

   Spells                             Type                      Level
   a - Confusing Touch                Hexes                        1
   b - Confuse                        Hexes                        3
   c - Gell's Gravitas                Translocation                3
   d - Petrify                        Transmutation/Earth          4
   e - Metabolic Englaciation         Hexes/Ice                    5
   f - Yara's Violent Unravelling     Hexes/Transmutation          5
 Q - a book of Cantrips

   Spells                             Type                      Level
   a - Confusing Touch                Hexes                        1
   b - Animate Skeleton               Necromancy                   1
   c - Summon Small Mammal            Summoning                    1
   d - Apportation                    Translocation                1
Comestibles
 f - 25 rations
 G - 15 chunks of flesh


   Skills:
 + Level 9.3 Fighting
 - Level 7.5 Axes
 + Level 9.3 Armour
 + Level 7.5 Dodging
 - Level 8.0 Shields
 + Level 6.0 Invocations


You had 9 spell levels left.
You didn't know any spells.

Dungeon Overview and Level Annotations

Branches:
Dungeon (9/15)             Temple (0/1) D:7            Lair (0/6) D:8
    Orc: D:9-12

Altars:
Gozag
Qazlal
Uskayaw
Wu Jian

Shops:
D:8 }}*


Innate Abilities, Weirdness & Mutations

You reflexively headbutt those who attack you in melee.
You have a pair of horns on your head.


Message History

The killer bee barely misses you!
You miss the killer bee!
The killer bee is moderately wounded! * * * don't die
* * * You feel sick!
You block the killer bee's attack!
The killer bee stings you! * * * don't die
* * * You closely miss the killer bee!
The killer bee is moderately wounded! * * * don't die
* * * You feel sick!
The killer bee barely misses you! You furiously retaliate!!!
You headbutt the killer bee!!!!!!
You annihilate the killer bee!!!
You feel a strong urge to attack something! * * * don't die
* * * You feel sick!
You butt the killer bee's attack!
Unknown command!
You feel your anger nearly subside!
You are no longer berserk!
You are exhausted!
You feel butt slow butt! rip

########## ...%.#...#
###†y.%.#...#
#†y†y..%#...# ####
#y#†y%..#...# ###...
#y#yy...#...####...##
#.#######...'....###
#.y.@.......######
#######+##### #.# #.#
##### #.# #....
######.### #....
#........#######....
#..............#....
#........#####.'....


You could see a killer bee.

Vanquished Creatures
  Erica (D:8)
  An elephant (D:8)
  A queen bee (D:9)
  A hippogriff (D:5)
  A basilisk (D:8)
  A yak (D:8)
  Eustachio (D:4)
  Menkaure (D:7)
  4 orc warriors
  2 sky beasts
  10 ogres
  2 centaurs
  A crocodile (D:8)
  3 bullfrogs
  2 scorpions
  14 killer bees (D:9)
  3 wights (D:7)
  4 howler monkeys
  A crimson imp (D:9)
  A bullfrog zombie (D:9)
  A quasit (D:6)
  5 hounds
  A centaur skeleton (D:8)
  2 jellies (D:5)
  6 orc priests
  9 orc wizards
  Natasha (thrice) (D:2 D:3)
  Ijyb (D:4)
  2 iguanas
  6 worker ants
  A worker ant zombie (D:8)
  11 gnolls
  A howler monkey skeleton (D:5)
  9 adders
  2 adder zombies (D:5)
  2 oozes
  2 adder skeletons
  2 worms (D:2)
  3 leopard geckos
  34 orcs
  A bat (D:2)
  6 giant cockroaches
  10 goblins
  13 hobgoblins
  7 jackals (D:1)
  3 quokkas
  A ball python skeleton (D:5)
  5 frilled lizards (D:1)
  A jackal skeleton (D:7)
  13 kobolds
  5 rats
  A fungus (D:8)
224 creatures vanquished.

Notes
Turn   | Place    | Note
-------+----------+-------------------------------------------
     0 | D:1      | Gorglomux the Minotaur Fighter began the quest for the Orb.
     0 | D:1      | Reached XP level 1. HP: 19/19 MP: 0/0
    74 | D:1      | Reached XP level 2. HP: 13/27 MP: 1/1
    91 | D:1      | Reached skill level 1 in Dodging
   299 | D:1      | Reached XP level 3. HP: 33/33 MP: 2/2
   568 | D:2      | Reached skill level 3 in Axes
   974 | D:2      | Noticed Natasha
   983 | D:2      | Killed Natasha
   983 | D:2      | Reached XP level 4. HP: 25/40 MP: 3/3
  1203 | D:2      | Noticed Natasha
  1212 | D:2      | Killed Natasha
  1649 | D:3      | Reached XP level 5. HP: 45/47 MP: 4/4
  1821 | D:3      | Noticed Natasha
  1826 | D:3      | Killed Natasha
  1853 | D:3      | Noticed an ogre
  1858 | D:3      | HP: 1/47 [ogre/giant club (16)]
  1859 | D:3      | Killed an ogre
  1859 | D:3      | Reached XP level 6. HP: 2/55 MP: 5/5
  2377 | D:4      | Noticed Eustachio
  2389 | D:4      | Killed Eustachio
  2389 | D:4      | Reached skill level 3 in Dodging
  2458 | D:4      | Found an opulent altar of Gozag.
  2458 | D:4      | Found a stormy altar of Qazlal.
  2459 | D:4      | Found an ornate altar of the Wu Jian Council.
  2459 | D:4      | Found a hide-covered altar of Uskayaw.
  2474 | D:4      | Reached XP level 7. HP: 61/61 MP: 6/6
  2477 | D:4      | Noticed Ijyb
  2492 | D:4      | Killed Ijyb
  2732 | D:4      | Became a worshipper of Uskayaw the Reveler
  2749 | D:5      | Entered Level 5 of the Dungeon
  2752 | D:5      | Reached * piety under Uskayaw
  2754 | D:5      | Reached ** piety under Uskayaw
  2757 | D:5      | Reached *** piety under Uskayaw
  2823 | D:5      | Noticed a hippogriff
  2834 | D:5      | Killed a hippogriff
  2834 | D:5      | Reached skill level 1 in Invocations
  2838 | D:5      | Reached **** piety under Uskayaw
  3076 | D:5      | Reached skill level 6 in Fighting
  3076 | D:5      | Reached skill level 6 in Armour
  3272 | D:5      | Reached skill level 6 in Shields
  3272 | D:5      | Reached XP level 8. HP: 64/70 MP: 8/8
  3442 | D:6      | HP: 4/105 [orc priest/divine providence (12)]
  3588 | D:6      | HP: 1/71 [gnoll/halberd (11)]
  3696 | D:5      | Reached skill level 6 in Axes
  3908 | D:6      | Found a sand-covered staircase.
  4059 | D:6      | Reached skill level 3 in Invocations
  4235 | D:7      | Reached ***** piety under Uskayaw
  4323 | D:7      | Reached XP level 9. HP: 79/79 MP: 10/10
  4615 | D:7      | Noticed Menkaure
  4620 | D:7      | Killed Menkaure
  4702 | D:7      | Found a staircase to the Ecumenical Temple.
  4893 | D:8      | Found a staircase to the Lair.
  4893 | D:8      | Noticed an elephant
  4902 | D:8      | Reached skill level 6 in Dodging
  4906 | D:8      | Killed an elephant
  5257 | D:8      | Found Jiv Xopt's General Store.
  5264 | D:8      | Bought a potion of heal wounds for 65 gold pieces
  5348 | D:8      | Found Cenaitoo's Gadget Shop.
  5378 | D:8      | Reached XP level 10. HP: 84/88 MP: 12/12
  5405 | D:8      | Found Coti's Gadget Shoppe.
  5581 | D:8      | Noticed Erica
  5597 | D:8      | HP: 3/89 [something (3)]
  5610 | D:8      | HP: 6/133 [something (1)]
  5611 | D:8      | Killed Erica
  6381 | D:9      | Reached skill level 9 in Fighting
  6388 | D:9      | Reached skill level 9 in Armour
  6463 | D:9      | Reached ****** piety under Uskayaw
  6467 | D:9      | Reached skill level 6 in Invocations
  6472 | D:9      | HP: 5/136 [killer bee (6)]
  6475 | D:9      | HP: 2/136 [killer bee (2)]
  6480 | D:9      | Succumbed to a killer bee's poison

Vault maps used:
D:1:      shiori_arrival_maze, minmay_misc_feat_hallway
D:2:      uniq_natasha
D:3:      minmay_ogre_servants
D:4:      chequers_temple_overflow_statue_of_worship, first_ration, uniq_ijyb,
          uniq_eustachio
D:5:      st_stairs_9
D:6:      chequers_ossuary_entry_cave
D:7:      temple_hall, grunt_ogre_cave, uniq_menkaure
D:8:      david_lair_generic, serial_shops, shop, shop, nicolae_shop_stone,
          uniq_erica
D:9:      special_room, minmay_guarded_unrand_finisher

Skill      XL: |  1  2  3  4  5  6  7  8  9 10 |
---------------+-------------------------------+-----
Dodging        | 1 2 3 4 5 6 7 |  7.5
Armour         | 4 5 6 7 8 9 |  9.3
Shields        | 4 5 6 8 |  8.0
Fighting       | 4 5 6 7 8 9 |  9.3
Axes           | 3 4 5 6 7 |  7.5
Invocations    | 1 3 4 6 |  6.0

Action                   |  1- 3 |  4- 6 |  7- 9 | 10-12 || total
-------------------------+-------+-------+-------+-------++-------
Melee: War axe           |    82 |   108 |   272 |   115 ||   577
       Headbutt          |     9 |    18 |    60 |    23 ||   110
Invok: Line Pass         |       |       |     2 |       ||     2
       Stomp             |       |       |       |     5 ||     5
  Use: Scroll            |       |     4 |       |       ||     4
       Potion            |       |       |     5 |     4 ||     9
 Stab: Paralysed         |       |       |    22 |    11 ||    33
  Eat: Chunk             |       |     5 |    11 |     3 ||    19
Armor: Scale mail        |    35 |    44 |   127 |    52 ||   258
       Skin              |       |       |    46 |    10 ||    56
Dodge: Dodged            |    40 |    41 |   129 |    68 ||   278
Block: Shield            |    58 |    59 |   181 |    74 ||   372

Table legend:
 A = Spawn XP
 B = Non-spawn XP
 C = Spawn XP percentage of total XP
 D = Spawn monster count
 E = Non-spawn monster count
 F = Spawn count percentage of total count
 G = Total turns spent on level
                    A         B        C        D         E        F      G
               +---------+---------+-------+---------+---------+-------+---------
         Total |       0 |    8839 |   0.0 |       0 |     223 |   0.0 |  6480
               +---------+---------+-------+---------+---------+-------+---------
           D:1 |       0 |      51 |   0.0 |       0 |      28 |   0.0 |   554
           D:2 |       0 |     125 |   0.0 |       0 |      18 |   0.0 |   822
           D:3 |       0 |     215 |   0.0 |       0 |      26 |   0.0 |   805
           D:4 |       0 |     424 |   0.0 |       0 |      12 |   0.0 |   568
           D:5 |       0 |     796 |   0.0 |       0 |      24 |   0.0 |   733
           D:6 |       0 |     801 |   0.0 |       0 |      21 |   0.0 |   677
           D:7 |       0 |    1415 |   0.0 |       0 |      23 |   0.0 |   565
           D:8 |       0 |    2963 |   0.0 |       0 |      37 |   0.0 |  1172
           D:9 |       0 |    2049 |   0.0 |       0 |      34 |   0.0 |   584
               +---------+---------+-------+---------+---------+-------+---------
